AoeStats
← Fugi

Arabia

509966027Analyzed
2v2 RM · 3d ago on Sep 28, 2026· 26m 53s· 4 players
Game mode
Random Map
Map size
Medium (4 player)
Population
200
Speed
Normal
Resources
Standard
Victory
Conquest
Starting age
Dark Age
Ending age
Imperial Age
RankedLock teamsTeams togetherTeam positionsShared explorationLock speedFull tech treeHidden civsTurbo modeCheats
Victory
Defeat
🇩🇪 Franks · Germany
1408
+15
🇩🇪 Ethiopians · Germany
1325
+19
🇪🇸 Persians · Spain
1424
-18
🇪🇸 Maya · Spain
1359
-16
zagaluke
6:32 Loom
8:47 Feudal Age
9:19 Double-Bit Axe
16:17 Scale Barding Armor
17:00 Forging
23:08 Castle Age
24:21 Chain Barding Armor
24:20 Gold Mining
25:22 Wheelbarrow
26:21 Bow Saw
Herr Mitesch
10:36 Feudal Age
9:44 Loom
11:37 Double-Bit Axe
17:21 Fletching
23:37 Castle Age
22:41 Padded Archer Armor
23:39 Crossbowman
24:25 Bodkin Arrow
Fugi
7:10 Loom
9:32 Feudal Age
9:56 Double-Bit Axe
9:52 Horse Collar
21:40 Gold Mining
25:26 Castle Age
23:47 Scale Barding Armor
Hercules
0:29 Loom
9:32 Feudal Age
10:11 Double-Bit Axe
15:21 Fletching
16:41 Padded Archer Armor
18:10 Forging
24:11 Castle Age
24:04 Gold Mining
24:52 Crossbowman
25:43 Scale Mail Armor
26:33 Bodkin Arrow
26:26 Pikeman
Connection lost

Rejoining the realm…

Still unreachable

The connection could not be restored.

Session expired

The server has moved on; the page needs a fresh start.